General information
- name: BNet
- type: Ladder team game (AT/RT)
- host: Battle.net
- saver: Nebelung
map: Deadlands
- players: 8
- length: 31:27
- speed: Fast
- version: 1.26 W3XP
- replay type: Public
» download(198 KB)
Players
team 1 (winner)

»
LEVYATANN (
red | 18 APM | 153 actions | 08:18)
2 Death Knight
1 Death Coil
1 Unholy Aura
» actions
| Assign group hotkey | 5 | |
| Basic commands | 4 | |
| Build / train | 15 | |
| ESC pressed | 6 | |
| Enter build submenu | 8 | |
| Enter hero's abilities submenu | 2 | |
| Remove unit from queue | 1 | |
| Right click | 49 | |
| Select / deselect | 41 | |
| Select group hotkey | 12 | |
| Use ability | 10 | |
153 total
» units
| Acolyte | 2 | |
| Ghoul | 2 | |
| Crypt Fiend | 5 | |
9 total
» upgrades
» buildings
| Crypt | 1 | |
| Ziggurat | 3 | |
| Graveyard | 2 | |
| Altar of Darkness | 1 | |
| Halls of the Dead | 1 | |
| Tomb of Relics | 1 | |
9 total
» build order
00:13 Crypt
00:16 Ziggurat
00:45 Graveyard
00:52 Graveyard
01:02 Altar of Darkness
01:19 Ziggurat
02:56 Halls of the Dead
03:33 Ziggurat
04:27 Tomb of Relics

»
Stinker (
teal | 70 APM | 1125 actions | 16:06)
5 Demon Hunter
3 Mana Burn
2 Evasion
» actions
| Assign group hotkey | 21 | |
| Basic commands | 13 | |
| Build / train | 65 | |
| Enter build submenu | 13 | |
| Enter hero's abilities submenu | 5 | |
| Give item / drop item | 1 | |
| Right click | 325 | |
| Select / deselect | 122 | |
| Select group hotkey | 501 | |
| Use ability | 59 | |
1125 total
» units
| Wisp | 18 | |
| Huntress | 5 | |
| Dryad | 3 | |
| Druid of the Claw | 7 | |
| Druid of the Talon | 10 | |
| Glaive Thrower | 3 | |
| Archer | 1 | |
47 total
» upgrades
| Ultravision | 1 | |
| Druid of the Talon Training | 2 | |
| Abolish Magic | 1 | |
| Druid of the Claw Training | 2 | |
| Mark of the Claw | 1 | |
| Mark of the Talon | 1 | |
| Improved Bows | 1 | |
9 total
» buildings
| Altar of Elders | 1 | |
| Moon Well | 6 | |
| Ancient of War | 1 | |
| Hunter's Hall | 1 | |
| Ancient of Wonders | 1 | |
| Tree of Ages | 1 | |
| Tree of Eternity | 1 | |
| Ancient of Lore | 1 | |
| Ancient of Wind | 1 | |
| Tree of Life | 1 | |
15 total
» build order
00:07 Altar of Elders
00:18 Moon Well
01:47 Ancient of War
01:49 Hunter's Hall
01:56 Moon Well
02:24 Ancient of Wonders
02:41 Moon Well
03:22 Tree of Ages
04:56 Moon Well
05:45 Tree of Eternity
05:54 Ancient of Lore
06:01 Ancient of Wind
06:14 Moon Well
06:29 Tree of Life
14:02 Moon Well
» items
flylittlebird (
blue | 85 APM | 2666 actions | 31:27)
9 Archmage
3 Summon Water Elemental
2 Brilliance Aura
1 Mass Teleport
3 Blizzard
6 Death Knight
3 Death Coil
2 Unholy Aura
1 Animate Dead
1 Demon Hunter
1 Metamorphosis
» actions
| Assign group hotkey | 60 | |
| Build / train | 117 | |
| Enter build submenu | 33 | |
| Enter hero's abilities submenu | 16 | |
| Give item / drop item | 7 | |
| Right click | 1124 | |
| Select / deselect | 484 | |
| Select group hotkey | 651 | |
| Use ability | 174 | |
2666 total
» units
| Peasant | 13 | |
| Footman | 5 | |
| Crypt Fiend | 12 | |
| Goblin Shredder | 1 | |
| Acolyte | 5 | |
| Gryphon Rider | 7 | |
| Hippogryph | 6 | |
| Dragonhawk Rider | 2 | |
51 total
» upgrades
| Lumber Harvesting | 3 | |
| Masonry | 4 | |
| Creature Attack | 1 | |
| Web | 1 | |
| Creature Carapace | 2 | |
| Storm Hammers | 1 | |
| Swords | 2 | |
| Animal War Training | 2 | |
| Armor | 2 | |
| Flare | 1 | |
| Fragmentation Shards | 1 | |
20 total
» buildings
| Altar of Kings | 1 | |
| Barracks | 1 | |
| Farm | 12 | |
| Scout Tower | 32 | |
| Arcane Tower | 1 | |
| Lumber Mill | 2 | |
| Arcane Vault | 1 | |
| Keep | 1 | |
| Town Hall | 3 | |
| Guard Tower | 11 | |
| Castle | 1 | |
| Gryphon Aviary | 5 | |
| Black Citadel | 1 | |
| Crypt | 1 | |
| Ziggurat | 2 | |
| Blacksmith | 1 | |
| Ancient of Wind | 1 | |
| Spirit Tower | 1 | |
| Workshop | 1 | |
79 total
» build order
00:09 Altar of Kings
00:21 Barracks
00:36 Farm
00:51 Farm
01:30 Farm
01:33 Scout Tower
02:10 Arcane Tower
02:30 Lumber Mill
02:52 Arcane Vault
03:48 Keep
04:20 Farm
05:31 Town Hall
05:37 Scout Tower
05:38 Scout Tower
05:38 Scout Tower
05:39 Scout Tower
06:10 Guard Tower
06:32 Castle
07:01 Scout Tower
07:02 Scout Tower
07:02 Scout Tower
07:03 Scout Tower
07:04 Scout Tower
07:20 Gryphon Aviary
07:35 Guard Tower
08:05 Guard Tower
08:27 Black Citadel
08:29 Crypt
08:31 Ziggurat
08:31 Ziggurat
08:39 Guard Tower
08:43 Gryphon Aviary
09:11 Gryphon Aviary
09:14 Gryphon Aviary
09:20 Blacksmith
09:48 Farm
09:48 Farm
09:49 Farm
09:49 Farm
09:50 Farm
09:51 Farm
11:09 Lumber Mill
14:02 Scout Tower
14:03 Scout Tower
14:03 Scout Tower
14:04 Scout Tower
14:04 Scout Tower
14:04 Scout Tower
15:24 Guard Tower
15:24 Guard Tower
15:36 Farm
15:36 Farm
15:41 Scout Tower
15:42 Scout Tower
16:18 Ancient of Wind
16:40 Gryphon Aviary
16:51 Guard Tower
16:54 Scout Tower
16:54 Scout Tower
16:54 Scout Tower
16:55 Scout Tower
16:55 Scout Tower
17:10 Spirit Tower
17:27 Guard Tower
17:27 Guard Tower
17:57 Guard Tower
18:08 Scout Tower
18:08 Scout Tower
18:08 Scout Tower
18:09 Scout Tower
18:09 Scout Tower
18:10 Scout Tower
18:12 Scout Tower
18:12 Scout Tower
19:30 Guard Tower
22:27 Workshop
26:18 Town Hall
26:58 Town Hall
» items
| Scroll of Regeneration | 4 | |
| Lesser Clarity Potion | 2 | |
| Staff of Teleportation | 1 | |
| Potion of Lesser Invulnerability | 1 | |
| Scroll of Town Portal | 1 | |
9 total

»
JonnyBravo (
pink | 31 APM | 492 actions | 16:01)
4 Beastmaster
2 Summon Bear
2 Summon Quilbeast
» actions
| Assign group hotkey | 11 | |
| Basic commands | 47 | |
| Build / train | 57 | |
| ESC pressed | 1 | |
| Enter build submenu | 27 | |
| Enter hero's abilities submenu | 4 | |
| Remove unit from queue | 2 | |
| Right click | 74 | |
| Select / deselect | 158 | |
| Select group hotkey | 77 | |
| Use ability | 34 | |
492 total
» units
| Peasant | 7 | |
| Footman | 17 | |
| Goblin Shredder | 1 | |
| Priest | 4 | |
| Gryphon Rider | 4 | |
33 total
» upgrades
| Defend | 1 | |
| Swords | 2 | |
| Plating | 2 | |
| Armor | 0 | |
| Magic Sentry | 1 | |
| Priest Training | 1 | |
7 total
» buildings
| Barracks | 1 | |
| Farm | 8 | |
| Altar of Kings | 1 | |
| Lumber Mill | 1 | |
| Scout Tower | 6 | |
| Guard Tower | 5 | |
| Arcane Vault | 1 | |
| Keep | 1 | |
| Blacksmith | 1 | |
| Arcane Tower | 1 | |
| Arcane Sanctum | 1 | |
| Castle | 1 | |
| Gryphon Aviary | 1 | |
| Town Hall | 1 | |
30 total
» build order
00:12 Barracks
00:15 Farm
00:59 Altar of Kings
01:04 Farm
01:22 Lumber Mill
02:02 Scout Tower
02:08 Farm
03:16 Farm
03:27 Guard Tower
03:59 Farm
04:07 Scout Tower
04:43 Scout Tower
04:53 Farm
04:56 Arcane Vault
04:59 Keep
05:05 Blacksmith
05:45 Scout Tower
05:51 Guard Tower
06:09 Farm
06:21 Arcane Tower
08:54 Arcane Sanctum
08:58 Guard Tower
10:06 Scout Tower
10:10 Farm
10:13 Scout Tower
10:22 Castle
11:24 Guard Tower
11:31 Guard Tower
13:02 Gryphon Aviary
15:26 Town Hall
» items
| Scroll of Regeneration | 1 | |
| Scroll of Town Portal | 1 | |
2 total
team 2 (loser)

»
LaSecretaire (
yellow | 59 APM | 1853 actions | 31:17)
5 Demon Hunter
3 Mana Burn
2 Evasion
» actions
| Assign group hotkey | 24 | |
| Basic commands | 55 | |
| Build / train | 87 | |
| ESC pressed | 6 | |
| Enter build submenu | 29 | |
| Enter hero's abilities submenu | 6 | |
| Remove unit from queue | 3 | |
| Right click | 890 | |
| Select / deselect | 596 | |
| Select group hotkey | 79 | |
| Use ability | 77 | |
1853 total
» units
| Wisp | 23 | |
| Druid of the Talon | 2 | |
| Archer | 9 | |
| Hippogryph | 11 | |
| Faerie Dragon | 3 | |
| Chimaera | 8 | |
56 total
» upgrades
| Ultravision | 1 | |
| Druid of the Talon Training | 2 | |
| Improved Bows | 1 | |
| Hippogryph Taming | 1 | |
| Mark of the Talon | 1 | |
| Marksmanship | 1 | |
| Reinforced Hides | 2 | |
| Corrosive Breath | 1 | |
| Strength of the Moon | 1 | |
| Strength of the Wild | 1 | |
12 total
» buildings
| Altar of Elders | 2 | |
| Moon Well | 7 | |
| Hunter's Hall | 1 | |
| Ancient of War | 1 | |
| Tree of Ages | 3 | |
| Ancient Protector | 3 | |
| Ancient of Wind | 2 | |
| Tree of Eternity | 1 | |
| Chimaera Roost | 1 | |
| Ancient of Wonders | 1 | |
| Tree of Life | 2 | |
24 total
» build order
00:06 Altar of Elders
00:19 Moon Well
01:25 Hunter's Hall
01:41 Moon Well
02:17 Ancient of War
02:56 Tree of Ages
02:56 Tree of Ages
02:56 Tree of Ages
03:45 Ancient Protector
04:04 Moon Well
04:09 Ancient Protector
05:10 Moon Well
05:56 Ancient of Wind
06:13 Ancient Protector
06:55 Tree of Eternity
06:59 Ancient of Wind
09:33 Chimaera Roost
10:02 Ancient of Wonders
10:53 Moon Well
10:56 Moon Well
13:57 Moon Well
16:57 Tree of Life
23:45 Tree of Life
26:30 Altar of Elders
» items
| Lesser Clarity Potion | 1 | |
| Orb of Venom | 1 | |
| Scroll of Town Portal | 1 | |
| Moonstone | 1 | |
4 total
TrevSter881xx (
green | 66 APM | 1985 actions | 30:13)
5 Archmage
3 Summon Water Elemental
2 Brilliance Aura
4 Mountain King
2 Storm Bolt
2 Thunder Clap
3 Paladin
2 Holy Light
1 Divine Shield
» actions
| Assign group hotkey | 30 | |
| Basic commands | 154 | |
| Build / train | 94 | |
| Enter build submenu | 25 | |
| Enter hero's abilities submenu | 12 | |
| Give item / drop item | 4 | |
| Remove unit from queue | 2 | |
| Right click | 851 | |
| Select / deselect | 407 | |
| Select group hotkey | 294 | |
| Use ability | 112 | |
1985 total
» units
| Peasant | 16 | |
| Footman | 6 | |
| Knight | 10 | |
| Priest | 8 | |
| Siege Engine | 7 | |
47 total
» upgrades
| Lumber Harvesting | 1 | |
| Masonry | 3 | |
| Defend | 1 | |
| Swords | 1 | |
| Plating | 1 | |
| Animal War Training | 1 | |
| Barrage | 1 | |
| Priest Training | 2 | |
| Gunpowder | 1 | |
12 total
» buildings
| Farm | 11 | |
| Altar of Kings | 1 | |
| Barracks | 2 | |
| Arcane Vault | 1 | |
| Keep | 1 | |
| Town Hall | 1 | |
| Lumber Mill | 1 | |
| Scout Tower | 11 | |
| Guard Tower | 7 | |
| Castle | 1 | |
| Blacksmith | 1 | |
| Arcane Sanctum | 1 | |
| Workshop | 2 | |
41 total
» build order
00:08 Farm
00:14 Altar of Kings
00:37 Barracks
01:06 Farm
01:23 Farm
01:53 Arcane Vault
02:56 Keep
03:02 Farm
04:42 Town Hall
04:53 Lumber Mill
05:10 Scout Tower
05:12 Scout Tower
05:57 Scout Tower
05:59 Scout Tower
06:00 Scout Tower
06:18 Guard Tower
06:28 Guard Tower
06:47 Guard Tower
07:12 Guard Tower
08:07 Guard Tower
08:09 Farm
08:11 Farm
08:13 Farm
08:14 Farm
08:15 Farm
08:29 Castle
08:32 Barracks
08:37 Blacksmith
09:38 Arcane Sanctum
10:29 Workshop
10:34 Workshop
12:26 Farm
12:37 Farm
19:38 Scout Tower
19:39 Scout Tower
19:40 Scout Tower
19:40 Scout Tower
19:41 Scout Tower
19:41 Scout Tower
20:33 Guard Tower
23:28 Guard Tower
» items
| Scroll of Regeneration | 2 | |
| Orb of Fire | 1 | |
| Scroll of Town Portal | 3 | |
| Potion of Healing | 2 | |
| Boots of Speed | 1 | |
9 total
Nebelung (
purple | 78 APM | 2468 actions | 31:27)
7 Blood Mage
3 Flame Strike
3 Siphon Mana
1 Summon Phoenix
1 Goblin Tinker
1 Engineering Upgrade
» actions
| Assign group hotkey | 64 | |
| Basic commands | 157 | |
| Build / train | 162 | |
| ESC pressed | 1 | |
| Enter build submenu | 43 | |
| Enter hero's abilities submenu | 8 | |
| Give item / drop item | 6 | |
| Remove unit from queue | 1 | |
| Right click | 703 | |
| Select / deselect | 327 | |
| Select group hotkey | 814 | |
| Use ability | 182 | |
2468 total
» units
| Peasant | 14 | |
| Footman | 8 | |
| Goblin Shredder | 5 | |
| Sorceress | 1 | |
| Gryphon Rider | 9 | |
| Dragonhawk Rider | 4 | |
41 total
» upgrades
| Masonry | 3 | |
| Sorceress Training | 1 | |
| Magic Sentry | 1 | |
| Animal War Training | 1 | |
| Swords | 3 | |
| Armor | 3 | |
| Storm Hammers | 1 | |
| Lumber Harvesting | 2 | |
| Cloud | 1 | |
16 total
» buildings
| Altar of Kings | 1 | |
| Barracks | 1 | |
| Farm | 7 | |
| Arcane Vault | 2 | |
| Lumber Mill | 1 | |
| Keep | 3 | |
| Town Hall | 3 | |
| Castle | 5 | |
| Gryphon Aviary | 6 | |
| Scout Tower | 31 | |
| Guard Tower | 26 | |
| Arcane Sanctum | 1 | |
| Blacksmith | 2 | |
89 total
» build order
00:53 Altar of Kings
00:54 Barracks
00:56 Farm
01:07 Farm
01:17 Farm
02:02 Arcane Vault
02:06 Arcane Vault
02:20 Lumber Mill
02:54 Farm
04:05 Farm
06:11 Keep
06:11 Keep
08:01 Town Hall
09:13 Castle
09:13 Castle
09:13 Castle
09:13 Castle
09:15 Gryphon Aviary
09:18 Gryphon Aviary
09:31 Scout Tower
09:33 Scout Tower
09:33 Scout Tower
09:35 Scout Tower
09:37 Scout Tower
09:39 Scout Tower
10:04 Guard Tower
10:24 Guard Tower
10:24 Guard Tower
10:24 Guard Tower
10:26 Arcane Sanctum
10:40 Scout Tower
10:41 Scout Tower
10:42 Scout Tower
10:43 Scout Tower
10:44 Scout Tower
10:45 Scout Tower
10:45 Scout Tower
10:46 Scout Tower
10:47 Scout Tower
10:48 Scout Tower
10:50 Scout Tower
10:50 Scout Tower
10:51 Scout Tower
10:53 Scout Tower
10:54 Scout Tower
11:21 Guard Tower
11:21 Guard Tower
11:21 Guard Tower
11:21 Guard Tower
11:22 Guard Tower
11:22 Guard Tower
11:22 Guard Tower
11:23 Guard Tower
11:48 Guard Tower
11:48 Guard Tower
13:50 Town Hall
13:53 Scout Tower
13:53 Scout Tower
13:54 Scout Tower
13:55 Scout Tower
13:56 Scout Tower
13:57 Scout Tower
13:58 Scout Tower
13:58 Scout Tower
13:59 Scout Tower
14:00 Scout Tower
14:51 Guard Tower
15:22 Guard Tower
15:57 Blacksmith
15:59 Blacksmith
16:28 Guard Tower
16:30 Guard Tower
16:30 Guard Tower
18:42 Gryphon Aviary
18:45 Gryphon Aviary
18:50 Gryphon Aviary
18:52 Gryphon Aviary
21:11 Farm
21:12 Farm
27:41 Town Hall
» items
| Scroll of Regeneration | 4 | |
| Boots of Speed | 2 | |
| Periapt of Vitality | 2 | |
| Staff of Teleportation | 2 | |
| Potion of Invisibility | 1 | |
| Lesser Clarity Potion | 3 | |
| Potion of Healing | 2 | |
| Potion of Mana | 1 | |
| Staff of Sanctuary | 1 | |
| Potion of Lesser Invulnerability | 1 | |
| Scroll of Town Portal | 4 | |
| Circlet of Nobility | 1 | |
24 total
CurvinYoMomma (
orange | 43 APM | 1298 actions | 30:25)
4 Demon Hunter
2 Evasion
2 Mana Burn
3 Keeper of the Grove
2 Entangling Roots
1 Thorns Aura
3 Priestess of the Moon
2 Trueshot Aura
1 Searing Arrows
» actions
| Assign group hotkey | 26 | |
| Basic commands | 64 | |
| Build / train | 75 | |
| Enter build submenu | 27 | |
| Enter hero's abilities submenu | 10 | |
| Remove unit from queue | 2 | |
| Right click | 304 | |
| Select / deselect | 431 | |
| Select group hotkey | 322 | |
| Use ability | 37 | |
1298 total
» units
| Wisp | 24 | |
| Huntress | 5 | |
| Hippogryph | 15 | |
| Chimaera | 8 | |
52 total
» upgrades
| Strength of the Wild | 3 | |
| Corrosive Breath | 1 | |
4 total
» buildings
| Hunter's Hall | 1 | |
| Moon Well | 9 | |
| Altar of Elders | 1 | |
| Ancient of War | 1 | |
| Tree of Ages | 1 | |
| Ancient of Wonders | 1 | |
| Tree of Eternity | 1 | |
| Ancient of Wind | 4 | |
| Tree of Life | 2 | |
| Chimaera Roost | 3 | |
24 total
» build order
00:12 Hunter's Hall
00:18 Moon Well
01:40 Altar of Elders
02:06 Ancient of War
02:24 Moon Well
03:09 Tree of Ages
03:23 Moon Well
05:05 Ancient of Wonders
05:57 Tree of Eternity
06:33 Ancient of Wind
06:44 Moon Well
08:10 Tree of Life
09:21 Chimaera Roost
09:24 Chimaera Roost
09:26 Chimaera Roost
11:55 Moon Well
12:10 Moon Well
16:32 Moon Well
16:47 Moon Well
17:03 Ancient of Wind
18:47 Moon Well
19:02 Tree of Life
21:29 Ancient of Wind
26:06 Ancient of Wind
» items
| Moonstone | 1 | |
| Dust of Appearance | 1 | |
2 total
Chat log
(00:23 / Allies) CurvinYoMomma: dh
(00:27 / Allies) LaSecretaire: sup guys
(00:27 / Allies) CurvinYoMomma: chims hippos
(02:31 / All) Nebelung: What's all of your opinions on rape?
(02:40 / All) Nebelung: I hope you all support it because you're all going to get raped
(02:45 / All) LaSecretaire: Just too tight
(02:55 / All) JonnyBravo: only good in roleplay
(02:59 / All) JonnyBravo: otherwise a bad thing
(03:11 / All) JonnyBravo: i mean look at how it turned out for u after u and ur pops
(03:16 / All) Nebelung: lawl
(03:30 / All) TrevSter881xx: that was weak
(03:49 / All) JonnyBravo: ur girl said that about ur strokes
(03:58 / All) TrevSter881xx: so funny
(04:25 / All) JonnyBravo: i know ... ur hand is a part of u after all not an actual girlfriend
(04:29 / All) JonnyBravo: stupid joke
(04:57 / Allies) Nebelung: Are you XP leeching yellow?
(05:02 / Allies) LaSecretaire: ^i need 5xp
(05:26 / Allies) LaSecretaire: seriously dude?
(05:31 / Allies) Nebelung: Get your own XP
(05:37 / Allies) LaSecretaire: you're an asshole
(05:47 / Allies) Nebelung: You're an XP thief
(05:53 / Allies) Nebelung: Seems like you're the asshole, not I
(05:59 / Allies) LaSecretaire: i only needed 2xp
(06:01 / Allies) LaSecretaire: and you kill me
(06:04 / Allies) LaSecretaire: instead of saying please dont
(06:07 / Allies) Nebelung: if it's that little get it yourself
(06:08 / Allies) LaSecretaire: you,re a fucking dumbfuck
(06:19 / Allies) LaSecretaire: suck me
(06:27 / Allies) Nebelung: I'm a dumbass? You're the one who lost a hero
(06:31 / Allies) LaSecretaire: toxic as fuck
(06:38 / Allies) TrevSter881xx: dudes get along
(06:40 / Allies) TrevSter881xx: or we lose
(06:41 / Allies) Nebelung: Seems like one of us made a mistake and it wasn't me
(06:52 / Allies) LaSecretaire: i'll repeat
(06:53 / Allies) LaSecretaire: suck m e
(09:03 / All) Nebelung: fucking headphone cord got caught under chair
(09:06 / All) Nebelung: Wasn't looking for a couple minutes
(09:45 / Allies) LaSecretaire: ty green
(09:52 / Allies) TrevSter881xx: wc
(10:08 / All) flylittlebird: u poor thing
(10:13 / Allies) TrevSter881xx: knights and tanks btw
(14:21 / Allies) CurvinYoMomma: tp
(14:23 / Allies) CurvinYoMomma: now
(14:32 / Allies) TrevSter881xx: i haven othing
(14:36 / Allies) CurvinYoMomma: me either
(14:39 / Allies) Nebelung: of course you don't, you suck green
(15:55 / Allies) TrevSter881xx: purp no units?
(16:01 / Allies) Nebelung: I'm just the king of jews
(16:02 / Allies) TrevSter881xx: oh no
(16:03 / Allies) Nebelung: I like to get lots of gold before I make units
(16:04 / Allies) TrevSter881xx: he's a tker
(16:08 / Allies) TrevSter881xx: damn oh well
(16:58 / Allies) CurvinYoMomma: lets hut
(16:59 / Allies) CurvinYoMomma: hit
(17:08 / Allies) Nebelung: pro
(17:15 / Allies) TrevSter881xx: hit before purp back stabs
(17:19 / Allies) Nebelung: lol
(19:48 / All) Nebelung: two chimbots on my team
(20:39 / Allies) Nebelung: wood
(23:35 / All) Nebelung: Hey orange
(23:37 / Allies) TrevSter881xx: purp gold me
(23:39 / All) Nebelung: You see the dots at the bottom left?
(23:41 / All) Nebelung: near the minimap?
(23:43 / All) Nebelung: click them
(23:45 / All) Nebelung: it makes your army go faster
(24:03 / All) Nebelung: Orange
(24:07 / All) Nebelung: Do you see the dots near the minimap?
(24:31 / Allies) TrevSter881xx: we could actually lose
(24:32 / Allies) LaSecretaire: nice
(24:32 / Allies) TrevSter881xx: purp gold me
(24:34 / Allies) TrevSter881xx: fker
(24:34 / Allies) LaSecretaire: purple is tking
(24:38 / Allies) Nebelung: Why would I gold you
(24:41 / Allies) Nebelung: I'm killing all three of you
(24:44 / Allies) Nebelung: You even knew it was coming
(24:45 / Allies) TrevSter881xx: you fucking loser
(24:47 / Allies) TrevSter881xx: I knew it
(24:49 / Allies) TrevSter881xx: yes I did
(24:54 / Allies) Nebelung: and still couldn't react
(25:00 / Allies) Nebelung: Orange click the dots near your minimap
(25:02 / Allies) Nebelung: it makes your shit faster
(25:41 / Allies) LaSecretaire: kids like him should be bannet
(25:43 / Allies) LaSecretaire: banned
(25:49 / Allies) Nebelung: Oh?
(25:52 / Allies) Nebelung: Why should I be banned buddy?
(25:59 / Allies) Nebelung: You could have killed me when you all realised I was a bser
(26:12 / Allies) Nebelung: Instead look what's happening
(26:58 / Allies) Nebelung: Nice try
(27:22 / All) Nebelung: Orange is a failed tker
(27:23 / All) Nebelung: He's a tker
(27:25 / All) Nebelung: We have a tk on our team
(28:19 / Allies) Nebelung: Stop entangling that mine yellow or the tree dies
(28:22 / Allies) Nebelung: Uproot it and it may live
(28:27 / Allies) Nebelung: Uproot your tree and it lives
(28:29 / Allies) Nebelung: Let it stay and it dies
(28:35 / Allies) LaSecretaire: you're an ass
(28:36 / Allies) LaSecretaire: suck me
(28:38 / Allies) Nebelung: Uproot your tree and it lives
(28:40 / Allies) LaSecretaire: as I said earlier
(28:42 / Allies) Nebelung: Let it sit there and it dies
(28:48 / Allies) LaSecretaire: its already dead
(28:51 / Allies) LaSecretaire: cause youre on the team
(29:24 / Allies) Nebelung: You're all dead when the game began
(29:33 / Allies) Nebelung: From where you're kneeling it must look like an 18-karat turn of bad luck
(29:34 / All) flylittlebird: leave retards
(29:35 / Allies) Nebelung: But the truth is
(29:38 / Allies) Nebelung: The game was rigged from the startr
(30:00 / Allies) Nebelung: Tu chienne, not la secretaire
(30:04 / Allies) Nebelung: Tu la putain
(30:45 / All) Nebelung: Are you having fu nrunning that hero around, yellow?
(31:06 / All) Nebelung: I even got a second hero for staff
(31:13 / Allies) LaSecretaire: hey guess what
(31:14 / Allies) LaSecretaire: suck me
(31:17 / All) Nebelung: Yellow
(31:19 / All) Nebelung: Do you
(31:21 / All) Nebelung: Oh nvm
(31:23 / All) flylittlebird: i say ur team
(31:25 / All) Nebelung: I say my team getst he loss
(31:26 / All) Nebelung: yeah